MID
FORT WAYNE TINCAPS @ WISCONSIN TIMBER RATTLERS
04/20/2049
 
TOP OF THE 1ST
Fort Wayne TinCaps batting - Pitching for Wisconsin Timber Rattlers : RHP Dave Mata
Pitching: RHP Dave Mata
Batting: RHB Paul Wood 0-0: Called Strike
0-1: Swinging Strike
0-2: Ball
1-2: Strikes out swinging
Batting: RHB Slamet Pamungkas 0-0: Ball
1-0: Ball
2-0: Swinging Strike
2-1: Swinging Strike
2-2: Strikes out swinging wild pitch, reaches first!
Batting: RHB Jim Miske 0-0: Called Strike
0-1: Foul Ball, location: 2F
0-2: Fly out, F9 (Flyball, 9D, EV 97.5 MPH)
Batting: RHB Gary Horgan 0-0: Ball
1-0: Fly out, F7 (Flyball, 7D, EV 95.6 MPH)
Top of the 1st over - 0 runs, 0 hits, 0 errors, 1 left on base; Fort Wayne 0 - Wisconsin 0
BOTTOM OF THE 1ST
Wisconsin Timber Rattlers batting - Pitching for Fort Wayne TinCaps : RHP Mike Schoening
Pitching: RHP Mike Schoening
Batting: RHB Victor Alarcon 0-0: Called Strike
0-1: Ball
1-1: Ball
2-1: Ball
3-1: Called Strike
3-2: Foul Ball, location: 2F
3-2: Foul Ball, location: 2F
3-2: Base on Balls
Batting: SHB Sam Bingham 0-0: Foul Ball, location: 2F
0-1: Called Strike
0-2: Reached on error, E1 (Groundball, 13S, EV 65.0 MPH)
Victor Alarcon to second
Batting: SHB Jerry Duffy 0-0: Called Strike
0-1: Called Strike
0-2: Foul Ball, location: 2F
0-2: Strikes out swinging
Batting: LHB Tyler Francis 0-0: Called Strike
0-1: Grounds into double play, 3-6-3 (Groundball, 34, EV 107.5 MPH)
Bottom of the 1st over - 0 runs, 0 hits, 1 error, 1 left on base; Fort Wayne 0 - Wisconsin 0
TOP OF THE 2ND
Fort Wayne TinCaps batting - Pitching for Wisconsin Timber Rattlers : RHP Dave Mata
Batting: RHB Ben Welt 0-0: Ball
1-0: Called Strike
1-1: Ground out 3-1 (Groundball, 34, EV 80.6 MPH)
Batting: LHB Dean Luttman 0-0: Ball
1-0: DOUBLE (Line Drive, 78XD, EV 106.9 MPH)
Batting: RHB Bill Vives 0-0: Ball
1-0: Fly out, F3 (Popup, 3, EV 78.8 MPH)
Batting: LHB Tony Contreras 0-0: Called Strike
0-1: Called Strike
0-2: Foul Ball, location: 2F
0-2: Foul Ball, location: 2F
0-2: Foul Ball, location: 2F
0-2: Fly out, F7 (Flyball, 7, EV 73.1 MPH)
Top of the 2nd over - 0 runs, 1 hit, 0 errors, 1 left on base; Fort Wayne 0 - Wisconsin 0
BOTTOM OF THE 2ND
Wisconsin Timber Rattlers batting - Pitching for Fort Wayne TinCaps : RHP Mike Schoening
Batting: SHB Ramon Perez 0-0: Ball
1-0: Fly out, F8 (Flyball, 8RD, EV 75.6 MPH)
Batting: RHB Dan Allred 0-0: Swinging Strike
0-1: Ground out 3-1 (Groundball, 34, EV 103.1 MPH)
Batting: SHB Robert Sayer 0-0: Called Strike
0-1: Ground out 6-3 (Groundball, 6, EV 81.9 MPH)
Bottom of the 2nd over - 0 runs, 0 hits, 0 errors, 0 left on base; Fort Wayne 0 - Wisconsin 0
TOP OF THE 3RD
Fort Wayne TinCaps batting - Pitching for Wisconsin Timber Rattlers : RHP Dave Mata
Batting: RHB Sung-hwan Jung 0-0: Foul Ball, location: 2F
0-1: Called Strike
0-2: SOLO HOME RUN (Flyball, 7D, EV 96.2 MPH), Distance : 399 ft
Batting: RHB Paul Wood 0-0: Called Strike
0-1: Fly out, F8 (Flyball, 8LS, EV 86.9 MPH)
Batting: RHB Slamet Pamungkas 0-0: Ball
1-0: Fly out, F9 (Flyball, 89S, EV 85.6 MPH)
Batting: RHB Jim Miske 0-0: SINGLE (Groundball, 6MD, EV 106.9 MPH)
Batting: RHB Gary Horgan 0-0: Ball
1-0: Ball
2-0: Called Strike
2-1: Ball
3-1: Called Strike
3-2: Foul Ball, location: 2F
3-2: Strikes out swinging
Top of the 3rd over - 1 run, 2 hits, 0 errors, 1 left on base; Fort Wayne 1 - Wisconsin 0
BOTTOM OF THE 3RD
Wisconsin Timber Rattlers batting - Pitching for Fort Wayne TinCaps : RHP Mike Schoening
Batting: RHB Chris Fruit 0-0: Ball
1-0: Called Strike
1-1: Ground out 4-3 (Groundball, 4, EV 88.8 MPH)
Batting: RHB Juan Villanueva 0-0: Ball
1-0: Swinging Strike
1-1: DOUBLE (Line Drive, 89D, EV 108.8 MPH) - OUT at third base trying to stretch hit.
Batting: RHB Victor Alarcon 0-0: Ball
1-0: Ball
2-0: Ball
3-0: Called Strike
3-1: Base on Balls
Batting: SHB Sam Bingham 0-0: Called Strike
Victor Alarcon is caught stealing 2nd base 2-6
Bottom of the 3rd over - 0 runs, 1 hit, 0 errors, 0 left on base; Fort Wayne 1 - Wisconsin 0
TOP OF THE 4TH
Fort Wayne TinCaps batting - Pitching for Wisconsin Timber Rattlers : RHP Dave Mata
Batting: RHB Ben Welt 0-0: Ball
1-0: Foul Ball, location: 2F
1-1: Foul Ball, location: 2F
1-2: Strikes out swinging
Batting: LHB Dean Luttman 0-0: Ball
1-0: Called Strike
1-1: Swinging Strike
1-2: Fly out, F7 (Flyball, 7S, EV 82.5 MPH)
Batting: RHB Bill Vives 0-0: Ball
1-0: Ground out 6-3 (Groundball, 6, EV 105.0 MPH)
Top of the 4th over - 0 runs, 0 hits, 0 errors, 0 left on base; Fort Wayne 1 - Wisconsin 0
BOTTOM OF THE 4TH
Wisconsin Timber Rattlers batting - Pitching for Fort Wayne TinCaps : RHP Mike Schoening
Batting: SHB Sam Bingham 0-0: Swinging Strike
0-1: Ball
1-1: Ground out U3 (Groundball, 3L, EV 83.8 MPH)
Batting: SHB Jerry Duffy 0-0: Called Strike
0-1: Ground out 4-3 (Groundball, 4, EV 102.5 MPH)
Batting: LHB Tyler Francis 0-0: Ball
1-0: Swinging Strike
1-1: Called Strike
1-2: Ball
2-2: Strikes out looking
Bottom of the 4th over - 0 runs, 0 hits, 0 errors, 0 left on base; Fort Wayne 1 - Wisconsin 0
TOP OF THE 5TH
Fort Wayne TinCaps batting - Pitching for Wisconsin Timber Rattlers : RHP Dave Mata
Batting: LHB Tony Contreras 0-0: Fly out, F8 (Flyball, 8RD, EV 83.1 MPH)
Batting: RHB Sung-hwan Jung 0-0: Ball
1-0: SINGLE (Flyball, 8LS, EV 91.9 MPH)
Batting: RHB Paul Wood 0-0: Called Strike
0-1: Ball
1-1: Foul Ball, location: 2F
1-2: Ball
2-2: Ball
3-2: Fly out, F9 (Flyball, 9D, EV 91.2 MPH)
Batting: RHB Slamet Pamungkas 0-0: Ball
1-0: Swinging Strike
1-1: Swinging Strike
1-2: Fly out, F8 (Flyball, 8RD, EV 99.4 MPH)
Top of the 5th over - 0 runs, 1 hit, 0 errors, 1 left on base; Fort Wayne 1 - Wisconsin 0
BOTTOM OF THE 5TH
Wisconsin Timber Rattlers batting - Pitching for Fort Wayne TinCaps : RHP Mike Schoening
Batting: SHB Ramon Perez 0-0: Ball
1-0: Ball
2-0: Called Strike
2-1: Foul Ball, location: 2F
2-2: Ball
3-2: Base on Balls
Batting: RHB Dan Allred 0-0: Ball
1-0: Swinging Strike
1-1: Called Strike
1-2: SINGLE (Groundball, 56D, EV 105.6 MPH)
Ramon Perez to second
Batting: SHB Robert Sayer 0-0: Ball
1-0: Ball
2-0: Reached on error, E4 (Groundball, 34D, EV 90.0 MPH)
Ramon Perez to third
Dan Allred to second
Batting: RHB Chris Fruit 0-0: Ball
1-0: Swinging Strike
1-1: Swinging Strike
1-2: Ball
2-2: Strikes out looking
Batting: RHB Juan Villanueva 0-0: Called Strike
0-1: Ball
1-1: Ball
2-1: Swinging Strike
2-2: Strikes out swinging
Batting: RHB Victor Alarcon 0-0: Ball
1-0: Ground out 5-3 (Groundball, 56S, EV 86.9 MPH)
Bottom of the 5th over - 0 runs, 1 hit, 1 error, 3 left on base; Fort Wayne 1 - Wisconsin 0
TOP OF THE 6TH
Fort Wayne TinCaps batting - Pitching for Wisconsin Timber Rattlers : RHP Dave Mata
Batting: RHB Jim Miske 0-0: Ball
1-0: Foul Ball, location: 2F
1-1: Called Strike
1-2: Ball
2-2: Ball
3-2: Ground out 1-3 (Groundball, 15S, EV 65.6 MPH)
Batting: RHB Gary Horgan 0-0: Called Strike
0-1: Ball
1-1: Called Strike
1-2: Strikes out swinging
Batting: RHB Ben Welt 0-0: Ball
1-0: Ball
2-0: Ground out U3 (Groundball, 34, EV 85.6 MPH)
Top of the 6th over - 0 runs, 0 hits, 0 errors, 0 left on base; Fort Wayne 1 - Wisconsin 0
BOTTOM OF THE 6TH
Wisconsin Timber Rattlers batting - Pitching for Fort Wayne TinCaps : RHP Mike Schoening
Batting: SHB Sam Bingham 0-0: Called Strike
0-1: Called Strike
0-2: Foul Ball, location: 2F
0-2: Ball
1-2: Ground out 6-3 (Groundball, 6M, EV 104.4 MPH)
Batting: SHB Jerry Duffy 0-0: Called Strike
0-1: Called Strike
0-2: Ground out 6-3 (Groundball, 6, EV 108.1 MPH)
Batting: LHB Tyler Francis 0-0: Swinging Strike
0-1: Ball
1-1: Swinging Strike
1-2: Fly out, F8 (Flyball, 8LD, EV 92.5 MPH)
Bottom of the 6th over - 0 runs, 0 hits, 0 errors, 0 left on base; Fort Wayne 1 - Wisconsin 0
TOP OF THE 7TH
Fort Wayne TinCaps batting - Pitching for Wisconsin Timber Rattlers : RHP Dave Mata
Batting: LHB Dean Luttman 0-0: Ball
1-0: Ball
2-0: Called Strike
2-1: Ground out 4-3 (Groundball, 4M, EV 104.4 MPH)
Batting: RHB Bill Vives 0-0: Ball
1-0: Called Strike
1-1: Foul Ball, location: 2F
1-2: Foul Ball, location: 2F
1-2: Fly out, F8 (Flyball, 8LXD, EV 91.9 MPH)
Batting: LHB Tony Contreras 0-0: Ball
1-0: Foul Ball, location: 2F
1-1: SINGLE (Flyball, 9S, EV 97.5 MPH)
Batting: RHB Sung-hwan Jung 0-0: Called Strike
0-1: Called Strike
0-2: Foul Ball, location: 2F
0-2: Ball
1-2: Fielders Choice at 2nd, 6-4 (Groundball, 6, EV 90.0 MPH)
Top of the 7th over - 0 runs, 1 hit, 0 errors, 1 left on base; Fort Wayne 1 - Wisconsin 0
BOTTOM OF THE 7TH
Wisconsin Timber Rattlers batting - Pitching for Fort Wayne TinCaps : RHP Mike Schoening
Batting: SHB Ramon Perez 0-0: Ball
1-0: Called Strike
1-1: Swinging Strike
1-2: Ball
2-2: Ground out U3 (Groundball, 34, EV 105.0 MPH)
Batting: RHB Dan Allred 0-0: Swinging Strike
0-1: Ball
1-1: Ground out U3 (Groundball, 34S, EV 88.1 MPH)
Batting: SHB Robert Sayer 0-0: Ball
1-0: Ground out U3 (Groundball, 3, EV 82.5 MPH)
Bottom of the 7th over - 0 runs, 0 hits, 0 errors, 0 left on base; Fort Wayne 1 - Wisconsin 0
TOP OF THE 8TH
Fort Wayne TinCaps batting - Pitching for Wisconsin Timber Rattlers : RHP Dave Mata
Batting: RHB Paul Wood 0-0: Called Strike
0-1: Ball
1-1: Ball
2-1: Called Strike
2-2: Foul Ball, location: 2F
2-2: Ground out U3 (Groundball, 3S, EV 88.8 MPH)
Pitching: RHP Ernie Borden
Batting: RHB Slamet Pamungkas 0-0: Swinging Strike
0-1: Ground out 4-3 (Groundball, 4, EV 104.4 MPH)
Batting: RHB Jim Miske 0-0: Called Strike
0-1: Ground out 4-3 (Groundball, 4, EV 105.6 MPH)
Top of the 8th over - 0 runs, 0 hits, 0 errors, 0 left on base; Fort Wayne 1 - Wisconsin 0
BOTTOM OF THE 8TH
Wisconsin Timber Rattlers batting - Pitching for Fort Wayne TinCaps : RHP Mike Schoening
Pitching: RHP Brice MacKenzie
Batting: RHB Chris Fruit 0-0: Ball
1-0: Called Strike
1-1: SINGLE (Flyball, 3D, EV 89.4 MPH)
Batting: RHB Juan Villanueva 0-0: Ball
1-0: Foul Ball, location: 2F
1-1: Ball
2-1: Ball
3-1: DOUBLE (Line Drive, 9LS, EV 95.6 MPH)
Chris Fruit to third
Runner from 3rd tries for Home, SAFE, no throw by RF
Batting: RHB Victor Alarcon 0-0: Ball
1-0: Ball
2-0: SINGLE (Groundball, 56S, EV 71.9 MPH) (infield hit)
Juan Villanueva to third
Batting: SHB Sam Bingham 0-0: Called Strike
0-1: Foul Ball, location: 2F
0-2: SINGLE (Groundball, 4D, EV 96.9 MPH)
Juan Villanueva scores
Victor Alarcon to second
Runner from 2nd tries for 3rd, SAFE, throw by CF made to third
Batting: SHB Jerry Duffy 0-0: Swinging Strike
0-1: Fly out, F7 (Flyball, 7S, EV 87.5 MPH)
Batting: LHB Tyler Francis
Pitching: LHP Terry LaPlante 0-0: Called Strike
0-1: Fly out, F8 (Flyball, 78S, EV 90.6 MPH)
Batting: SHB Ramon Perez 0-0: Ball
1-0: Called Strike
1-1: Ball
2-1: Called Strike
2-2: Ball
3-2: Foul Ball, location: 2F
3-2: Base on Balls
Sam Bingham to second
Batting: RHB Dan Allred 0-0: Called Strike
0-1: Called Strike
0-2: Ball
1-2: Ball
2-2: Foul Ball, location: 2F
2-2: Fielders Choice at 2nd, 6-4 (Groundball, 6, EV 85.0 MPH)
Bottom of the 8th over - 2 runs, 4 hits, 0 errors, 3 left on base; Fort Wayne 1 - Wisconsin 2
TOP OF THE 9TH
Fort Wayne TinCaps batting - Pitching for Wisconsin Timber Rattlers : RHP Ernie Borden
Pitching: LHP Bill Dunham
Batting: RHB Gary Horgan 0-0: Foul Ball, location: 2F
0-1: Ball
1-1: Ball
2-1: Called Strike
2-2: Ball
3-2: Strikes out looking
Batting: RHB Ben Welt 0-0: Ball
1-0: Called Strike
1-1: Foul Ball, location: 2F
1-2: Foul Ball, location: 2F
1-2: Ball
2-2: Foul Ball, location: 2F
2-2: Foul Ball, location: 2F
2-2: Ground out 6-3 (Groundball, 6D, EV 82.5 MPH)
Pinch Hitting: RHB Dave Cordero 0-0: Foul Ball, location: 2F
0-1: Called Strike
0-2: Foul Ball, location: 2F
0-2: Ball
1-2: SINGLE (Groundball, 6MD, EV 98.1 MPH)
Batting: RHB Bill Vives 0-0: Ball
1-0: Ball
2-0: Foul Ball, location: 2F
2-1: Swinging Strike
2-2: Strikes out swinging
Top of the 9th over - 0 runs, 1 hit, 0 errors, 1 left on base; Fort Wayne 1 - Wisconsin 2
Sunday, July 16th , 2023 - OOTP Baseball 24.6 Build 69